 Dungeon Crawl Stone Soup version 0.29-a0-1016-g236c7fd91e (webtiles) character file.

Game seed: 4219895337830381094

1533 Manisian the Thaumaturge (level 8, -1/40 (45) HPs)
             Began as a Deep Elf Summoner on Aug 9, 2022.
             Was a Believer of Sif Muna.
             Slain by a wight
             ... wielding a +2 falchion of freezing
              (3 damage)
             ... on level 6 of the Dungeon.
             The game lasted 00:15:18 (7730 turns).

Manisian the Thaumaturge (Deep Elf Summoner)        Turns: 7730, Time: 00:15:18

HP:   -1/40 (45)    AC:  4    Str:  7    XL:     8   Next: 55%
MP:   12/22         EV: 13    Int: 21    God:    Sif Muna [**....]
Gold: 990           SH:  0    Dex: 15    Spells: 8/23 levels left

rFire   . . .      SeeInvis .   e - +6 glaive of Rotsuguh {venom, Fly}
rCold   . . .      Faith    .   (shield currently unavailable)
rNeg    . . .      Spirit   .   a - +1 robe
rPois   .          Reflect  .   (no helmet)
rElec   .          Harm     .   s - +0 cloak
rCorr   .          Rampage  .   (no gloves)
Will    .....                   (no boots)
Stlth   ++........              (no amulet)
HPRegen 0.13/turn               (no ring)
MPRegen 0.18/turn               (no ring)

@: flying, very slightly contaminated, heavily drained
A: no striking features
a: Renounce Religion, Channel Magic


You were on level 6 of the Dungeon.
You worshipped Sif Muna.
Sif Muna was pleased with you.
You visited 1 branch of the dungeon, and saw 6 of its levels.
You also visited: Sewer.

You collected 990 gold pieces.

Inventory:

Hand Weapons
 e - the +6 glaive of Rotsuguh (weapon) {venom, Fly}
   (You acquired it on level 3 of the Dungeon)

   It poisons the flesh of those it strikes.
   Fly:       It grants you flight.
 q - a +0 scythe
Armour
 a - a +1 robe (worn)
 i - an orb of energy
 s - a +0 cloak (worn)
Wands
 r - a wand of digging (3)
Scrolls
 c - 3 scrolls of identify
 k - 2 scrolls of teleportation
 l - 3 scrolls of noise
Potions
 b - 2 potions of magic
 d - a potion of berserk rage
 f - 2 potions of brilliance
 g - 2 potions of ambrosia
 h - a potion of heal wounds {unknown}
 j - 2 potions of curing
 m - a potion of flight {unknown}
 n - a potion of degeneration {unknown}
 o - 3 potions of mutation {unknown}
 p - 3 potions of lignification {unknown}
 t - 2 potions of invisibility {unknown}
 u - a potion of cancellation {unknown}
 x - a potion of might {unknown}
Miscellaneous
 v - a phial of floods


   Skills:
 + Level 2.4 Fighting
 + Level 3.6 Polearms
 + Level 3.9 Dodging
 - Level 2.5 Stealth
 + Level 8.0 Spellcasting
 + Level 1.9 Hexes
 + Level 7.7 Summonings
 + Level 1.0 Air Magic


You had 8 spell levels left.
You knew the following spells:

 Your Spells              Type           Power      Damage    Failure   Level
a - Summon Small Mammal   Summ           100%       N/A       1%          1
b - Call Imp              Summ           40%        N/A       1%          2
c - Call Canine Familiar  Summ           40%        N/A       1%          3
d - Summon Guardian Gole  Hex/Summ       28%        N/A       3%          3
e - Summon Lightning Spi  Summ/Air       26%        N/A       13%         4
f - Blink                 Tloc           16%        N/A       12%         2

Your spell library contained the following spells:

 Spells                   Type           Power      Damage    Failure   Level
 Static Discharge         Conj/Air       10%        3-5/arc   10%         2
 Dispel Undead            Necr           8%         3d8       61%         4
 Sticky Flame             Conj/Fire      8%         2d3       61%         4
 Manifold Assault         Tloc           8%         N/A       91%         5
 Storm Form               Tmut/Air       5%         N/A       100%        7


Dungeon Overview and Level Annotations

Branches:
Dungeon (6/15)              Sewer (visited)
 Temple: D:4-7

Altars:
Elyvilon
Fedhas
Sif Muna
Xom

Portals:
Ossuary: D:6


Message History

You hear the brisk hiss of an avalanche of sand very nearby.
There is a collapsed entrance here.
Found a murky cyan potion.
Found a long fluorescent wand.
There is a collapsed entrance here.
Found a scroll of enchant armour.
A wight comes into view.
It is wielding a +2 falchion of freezing.
A wight comes into view. It is wielding a +0 hand axe.
Found a sand-covered staircase.
A wight comes into view. It is wielding a +1 trident.
Found a potion of curing.
Casting: Summon Lightning Spire (quite dangerous; 13% risk of failure)
Confirm with . or Enter, or press ? or * to list all spells.
The spell is quite dangerous to miscast (13% risk of failure)!
Continue anyway?
You miscast Summon Lightning Spire.
You are very lightly contaminated with residual magic.
A fistful of eyes flickers past your view.
A nameless horror comes into view.
Casting: Summon Lightning Spire (quite dangerous; 13% risk of failure)
Confirm with . or Enter, or press ? or * to list all spells.
A guardian golem appears, shielding your allies.
The wight hits you with a +2 falchion of freezing.
You feel drained. The wight freezes you.
Send 'em back where they came from!
Your guardian golem shudders.
A wight comes into view. It is wielding a +0 dire flail.
The wight hits your guardian golem with a +2 falchion of freezing.
Send 'em back where they came from!
Your guardian golem shudders.
Casting: Summon Guardian Golem (dangerous; 3% risk of failure)
Confirm with . or Enter, or press ? or * to list all spells.
The spell is quite dangerous to miscast (13% risk of failure)!
Continue anyway?
You miscast Summon Lightning Spire.
Nothing appears to happen.
The wight hits you with a +0 hand axe.
You feel drained.
The wight hits your guardian golem but does no damage.
The wight hits you with a +2 falchion of freezing!
* * * LOW HITPOINT WARNING * * *
You feel drained.
* * * LOW HITPOINT WARNING * * *
The wight freezes you.
You die...

.. ......~~~..........
..####.................#
.......................#
###.................#
#.#...............#
#.#...............# #
#...............##
#..............8.z
#........@z.z.....
#........z9..8.∩!8
#........X........
#..............8..
#...?...........##
#.................
#..............###
###...##.####..# #.#.
#.# #.#


You could see a nameless horror, 3 wights and a friendly guardian golem
(summoned).

Vanquished Creatures
  Duvessa (D:4)
  An orc warrior (D:5)
  A bullfrog (Sewer)
  2 necrophages
  2 scorpions
  Dowan (D:4)
  A gnoll bouda (D:5)
  2 orc priests (D:5)
  A hound (D:5)
  An iguana (D:5)
  2 orc wizards (D:5)
  2 gnolls (D:5)
  3 adders
  3 river rats (D:6)
  A worm (D:5)
  A dart slug (D:4)
  8 orcs
  3 ball pythons
  3 endoplasms
  8 giant cockroaches
  2 goblins
  A hobgoblin (D:4)
  4 jackals (D:4)
  5 quokkas (Sewer)
  5 frilled lizards (Sewer)
  2 kobolds
66 creatures vanquished.

Vanquished Creatures (collateral kills)
  Sigmund (D:2)
  A nameless horror (D:5)
  An ogre (D:5)
  A bullfrog (Sewer)
  A necrophage (D:4)
  2 iguanas (D:5)
  An orc wizard (D:5)
  7 gnolls (D:5)
  8 adders
  A dart slug (D:1)
  An orc (D:5)
  15 ball pythons
  4 bats
  6 endoplasms
  5 giant cockroaches
  7 goblins
  4 hobgoblins
  5 jackals
  4 quokkas (Sewer)
  13 frilled lizards
  3 kobolds
  13 rats
104 creatures vanquished.

Vanquished Creatures (others)
  3 fungi (D:4)
  4 toadstools (D:4)
7 creatures vanquished.

Grand Total: 177 creatures vanquished

Notes
Turn   | Place    | Note
-------+----------+-------------------------------------------
     0 | D:1      | Manisian the Deep Elf Summoner began the quest for the Orb.
     0 | D:1      | Reached XP level 1. HP: 10/10 MP: 6/6
   357 | D:1      | Reached XP level 2. HP: 7/15 MP: 5/8
   562 | D:1      | Learned a level 2 spell: Call Imp
   956 | D:1      | Reached skill level 5 in Summonings
  1045 | D:1      | Reached XP level 3. HP: 17/19 MP: 10/10
  1292 | D:1      | Identified 2 scrolls of acquirement
  1292 | D:1      | Acquired 623 gold pieces
  1532 | D:2      | Learned a level 3 spell: Call Canine Familiar
  1543 | D:2      | Reached skill level 4 in Spellcasting
  1664 | D:2      | Found a faded altar of an unknown god.
  2277 | D:2      | Found a shimmering blue altar of Sif Muna.
  2280 | D:2      | Noticed Sigmund
  2287 | D:2      | Killed Sigmund
  2288 | D:2      | Reached skill level 5 in Spellcasting
  2288 | D:2      | Reached XP level 4. HP: 24/24 MP: 3/13
  2288 | D:2      | Reached XP level 5. HP: 28/28 MP: 3/15
  2293 | D:2      | Learned a level 3 spell: Summon Guardian Golem
  2298 | D:2      | Learned a level 4 spell: Summon Lightning Spire
  2301 | D:2      | Learned a level 2 spell: Blink
  2827 | D:3      | Acquired the +6 glaive of Rotsuguh {venom, Fly}
  2910 | D:4      | Found a shimmering altar of Xom.
  2928 | D:5      | Entered Level 5 of the Dungeon
  2939 | D:5      | Reached XP level 6. HP: 7/32 MP: 4/16
  3345 | D:5      | Reached skill level 6 in Spellcasting
  3690 | D:5      | Reached skill level 1 in Hexes
  3854 | D:4      | Found a blossoming altar of Fedhas.
  4264 | D:4      | Reached skill level 1 in Polearms
  4310 | D:4      | Reached XP level 7. HP: 15/37 MP: 18/18
  4738 | D:4      | Noticed Duvessa
  4751 | D:4      | Killed Duvessa
  4752 | D:4      | Reached skill level 1 in Fighting
  4755 | D:4      | Noticed Dowan
  4784 | D:4      | Killed Dowan
  5906 | D:5      | Noticed a nameless horror
  6179 | D:5      | Killed a nameless horror
  6457 | D:5      | Reached skill level 7 in Spellcasting
  6482 | D:5      | Reached XP level 8. HP: 44/44 MP: 16/20
  6671 | D:5      | Found a white marble altar of Elyvilon.
  6801 | D:2      | Became a worshipper of Sif Muna the Loreminder
  7428 | D:6      | Found a glowing drain.
  7467 | Sewer    | Entered a sewer
  7492 | Sewer    | Reached * piety under Sif Muna
  7668 | Sewer    | Reached ** piety under Sif Muna
  7669 | Sewer    | Reached skill level 8 in Spellcasting
  7670 | Sewer    | Reached skill level 1 in Air Magic
  7723 | D:6      | Found a sand-covered staircase.
  7730 | D:6      | HP: 2/40 [wight/+2 falchion of freezing (2)]
  7730 | D:6      | Slain by a wight

Illustrated notes

Levels and vault maps discovered:
D:1:      dpeg_arrival_windows_large_door, layout_rooms, minmay_misc_feat_doors
D:2:      wad_pebble_path, layout_basic, basic_altar,
          ebering_ecumenical_altar_ruins, grunt_decor_one_mirror, st_stairs_12,
          minmay_tall_x, uniq_sigmund
D:3:      layout_basic
D:4:      layout_loops_ring, mainiacjoe_overflow_large_starburst,
          minmay_gold_behind_fungi, uniq_duvessa
D:5:      layout_loops_ring, mainiacjoe_overflow_six_doors_small,
          grunt_tough_drop
D:6:      layout_basic, nicolae_ossuary_entry_monument, portal_sewer_entry_a,
          minmay_door_square, uniq_crazy_yiuf_cottage

Skill      XL: |  1  2  3  4  5  6  7  8 |
---------------+-------------------------+-----
Summonings     | 5 6 7 |  7.7
Spellcasting   | 5 6 7 8 |  8.0
Dodging        | 3 |  3.9
Hexes          | 1 |  1.9
Polearms       | 1 2 3 |  3.6
Fighting       | 1 2 |  2.4
Air Magic      | 1 |  1.0
Stealth        | |  2.5

Action                   |  1- 3 |  4- 6 |  7- 9 || total
-------------------------+-------+-------+-------++-------
Melee: Unarmed           |    17 |       |       ||    17
       Punch             |     1 |       |       ||     1
       Halberd           |       |    10 |       ||    10
       Glaive            |       |    45 |   114 ||   159
 Cast: Summon Small Mamm |    51 |     3 |     4 ||    58
       Call Imp          |     3 |     1 |     4 ||     8
       Call Canine Famil |     1 |     2 |    15 ||    18
       Summon Guardian G |       |     2 |     6 ||     8
       Summon Lightning  |       |     2 |     7 ||     9
  Use: Scroll            |     3 |     5 |    10 ||    18
 Stab: Sleeping          |       |     2 |     8 ||    10
       Distracted        |       |       |     1 ||     1
Armor: Robe              |    12 |    12 |    30 ||    54
Dodge: Dodged            |    48 |    62 |    84 ||   194

Table legend: (Time is in decaauts)
 A = Elapsed time spent in this place.
 B = Non-inter-level travel time spent in this place.
 C = Inter-level travel time spent in this place.
 D = Time resting spent in this place.
 E = Time spent auto-exploring this place.
 F = Levels seen in this place.
 G = Mean time per level.
                   A        B        C        D        E       F      G
               +--------+--------+--------+--------+--------+-----+--------+
         Total |   7846 |   7524 |    322 |   1427 |   4525 |   7 | 1120.9 |
       Dungeon |   7589 |   7267 |    322 |   1427 |   4525 |   6 | 1264.8 |
         Sewer |    257 |    257 |      0 |      0 |      0 |   1 |  257.0 |
               +--------+--------+--------+--------+--------+-----+--------+

Top non-repeatable levels by time:
     D:5: 2426 daAuts
     D:4: 2061 daAuts
     D:1: 1308 daAuts
     D:2: 1160 daAuts
     D:3: 442 daAuts
   Sewer: 257 daAuts
     D:6: 191 daAuts
